 Dungeon Crawl Stone Soup version 0.19-a0-835-gf140595 (webtiles) character file.

24 Ryco the Sneak (level 2, -7/13 HPs)
             Began as a Spriggan Enchanter on June 30, 2016.
             Was an Initiate of Ashenzari.
             Killed by divine providence
             ... invoked by an orc priest
              (14 damage)
             ... on level 4 of the Dungeon.
             The game lasted 00:05:40 (834 turns).

Ryco the Sneak (Spriggan Enchanter)                  Turns: 834, Time: 00:05:40

Health: -7/13      AC:  4    Str:  4    XL:     2   Next: 79%
Magic:  7/7        EV: 18    Int: 16    God:    Ashenzari [......]
Gold:   118        SH:  0    Dex: 16    Spells: 2 memorised, 4 levels left

rFire  . . .     SeeInvis +     a - +1 dagger
rCold  . . .     Gourm    .     i - +1 robe
rNeg   . . .     Faith    .     (shield restricted)
rPois  .         Spirit   .     (helmet restricted)
rElec  .         Dismiss  .     e - +0 cloak
rCorr  .         Reflect  .     (gloves unavailable)
SustAt .         Harm     .     (boots unavailable)
MR     .....                    (no amulet)
Stlth  ++++......               (no ring)
                                l - ring of stealth

@: very quick, not resistant to hostile enchantments, stealthy
A: unfitting armour, see invisible, herbivore 3, speed 3, slow metabolism 2
a: Curse Item, Renounce Religion


You were on level 4 of the Dungeon.
You worshipped Ashenzari.
Ashenzari was noncommittal.
You were not hungry.

You visited 1 branch of the dungeon, and saw 4 of its levels.

You collected 118 gold pieces.

Inventory:

Hand Weapons
 a - a +1 dagger (weapon)
 b - a +0 short sword
Armour
 e - a +0 cloak (worn)
 i - a +1 robe (worn)
Jewellery
 l - a ring of stealth (left hand)
Scrolls
 m - a scroll of enchant armour {unknown}
 n - a scroll of remove curse
 o - 2 scrolls of immolation {unknown}
Potions
 f - a potion of haste {unknown}
 j - 2 potions of beneficial mutation {unknown}
 k - a potion of resistance {unknown}
Books
 c - a book of Maledictions

   Spells                             Type                      Level
   a - Corona                         Hexes                        1
   b - Ensorcelled Hibernation        Hexes/Ice                    2
   c - Confuse                        Hexes                        3
   d - Tukima's Dance                 Hexes                        3
   e - Dazzling Spray                 Conjuration/Hexes            3
Comestibles
 d - 2 bread rations


   Skills:
 * Level 1.5 Short Blades
 + Level 3.2 Dodging
 + Level 4.8 Stealth
 + Level 3.1 Spellcasting
 + Level 4.1 Hexes


You had 4 spell levels left.
You knew the following spells:

 Your Spells              Type           Power        Failure   Level  Hunger
a - Ensorcelled Hibernat  Hex/Ice        #.....       14%         2    ##.....
b - Corona                Hex            ###....      4%          1    #......


Dungeon Overview and Level Annotations

Branches:
Dungeon (4/15)
 Temple: D:4-7

Altars:
Ashenzari
Nemelex Xobeh
The Shining One

Annotations:
D:3 kGEAR's ghost, amateur GrFi


Innate Abilities, Weirdness & Mutations

You are tiny and cannot use many weapons and most armour.
You have supernaturally acute eyesight. (SInv)
You are a herbivore.
You cover ground extremely quickly.
You need consume almost no food.


Message History

There is a stone staircase leading down here.
Okay, then.
Unknown command.
You climb downwards.
Found a scroll labeled LEFOIFR PURAFF.
There is a stone staircase leading up here.
o - 2 scrolls labeled LEFOIFR PURAFF (gained 1) As you open the door, it creaks loudly!
There is an open door here.
Magic restored.
You enter a teleport trap!
The teleport trap disappears.
Your surroundings suddenly seem different.
An orc comes into view. It is wielding a flail.
Found a sparkling altar of Nemelex Xobeh. 2 orc priests come into view.
The orc priest shouts! x2
The orc priest invokes the aid of Beogh against you.
Beogh smites you!
Ouch! That really hurt!
You die...

######
#....#
#....#
#....#
#....#
####
#....#
##...
#....#
#....
#....#
#....
+@...#
#....
#....#
#####
#....#
#....#
#..⌠.⌠.
#.o._...
#oo⌠.⌠..#
#....+...


You could see 2 orc priests and an orc (wandering).

Vanquished Creatures
  An ooze (D:2)
  A giant gecko (D:1)
  An orc (D:3)
  A bat (D:1)
  A giant cockroach (D:1)
  A goblin (D:3)
  3 hobgoblins
  2 jackals (D:1)
  A kobold (D:1)
  2 giant newts (D:1)
  2 rats
16 creatures vanquished.

Notes
Turn   | Place    | Note
--------------------------------------------------------------
     0 | D:1      | Ryco the Spriggan Enchanter began the quest for the Orb.
     0 | D:1      | Reached XP level 1. HP: 9/9 MP: 5/5
   126 | D:1      | Reached XP level 2. HP: 10/13 MP: 4/6
   130 | D:1      | Learned a level 2 spell: Ensorcelled Hibernation
   353 | D:2      | Found a glowing golden altar of the Shining One.
   365 | D:2      | Found a shattered altar of Ashenzari.
   431 | D:2      | Became a worshipper of Ashenzari the Shackled
   754 | D:3      | Noticed kGEAR's ghost (amateur GrFi)
   832 | D:4      | Found a sparkling altar of Nemelex Xobeh.
   834 | D:4      | Killed from afar by an orc priest

Vault maps used:
D:1:      mrwooster_arrival_arrow, serial_bayou_lagoon_a, minmay_pentomino_r2
D:2:      led_sif_pool, ashenzari_conservatory_becter, lemuel_doored_altar
D:3:      lemuel_crystal_altar
D:4:      nemelex_xobeh_ov_fountains_minmay, uniq_eustachio

Skill      XL: |  1  2 |
---------------+-------+-----
Hexes          | 4 |  4.1
Spellcasting   | 3 |  3.1
Short Blades   | |  1.5
Dodging        | |  3.2
Stealth        | |  4.8

Action                   || total
-------------------------++-------
Melee: Dagger            ||    72
       Short sword       ||     2
 Cast: Corona            ||     5
       Ensorcelled Hiber ||    11
  Use: Scroll            ||     2
 Stab: Sleeping          ||     6
Armor: Robe              ||    12
Dodge: Dodged            ||    56
